 Dungeon Crawl Stone Soup version 0.23.2-1-ga50397a (webtiles) character file.

Game seed: 1248982460878335113

30 Iscandelvey the Vexing (level 3, 19/26 HPs)
             Began as a Demonspawn Arcane Marksman on Apr 30, 2019.
             Quit the game on level 1 of the Dungeon.
             The game lasted 00:02:08 (846 turns).

Iscandelvey the Vexing (Demonspawn Arcane Marksman)  Turns: 846, Time: 00:02:09

Health: 19/26      AC:  4    Str: 10    XL:     3   Next: 5%
Magic:  4/4        EV: 12    Int: 15    God:
Gold:   8          SH:  0    Dex: 13    Spells: 3/4 levels left

rFire    . . .     SeeInvis .   g - +0 short sword
rCold    . . .     Gourm    .   (no shield)
rNeg     . . .     Faith    .   e - +0 robe
rPois    .         Spirit   .   (no helmet)
rElec    .         Reflect  .   (no cloak)
rCorr    .         Harm     .   (no gloves)
MR       .....                  (no boots)
Stlth    +.........             (no amulet)
HPRegen  0.08/turn              (no ring)
MPRegen  0.09/turn              (no ring)

@: no status effects
A: thin metallic scales 1, powered by pain 1
a: no special abilities


You were on level 1 of the Dungeon.
You were not hungry.

You visited 1 branch of the dungeon, and saw 1 of its levels.

You collected 8 gold pieces.

Inventory:

Hand Weapons
 a - a +0 hand crossbow
 g - a +0 short sword (weapon)
Missiles
 d - 43 bolts
 h - 46 stones (quivered)
Armour
 e - a +0 robe (worn)
Scrolls
 b - a scroll of immolation {unknown}
 c - 5 scrolls of identify {unknown}
 i - a scroll of remove curse {unknown}
 j - a scroll of teleportation {unknown}
 k - a scroll of amnesia {unknown}
Potions
 l - 2 potions of resistance {unknown}
Comestibles
 f - a ration


   Skills:
 + Level 1.3 Fighting
 + Level 2.5 Crossbows
 + Level 2.1 Dodging
 + Level 0.2 Stealth
 + Level 1.0 Spellcasting
 + Level 3.3 Hexes


You had 3 spell levels left.
You knew the following spells:

 Your Spells              Type           Power        Failure   Level  Hunger
a - Corona                Hex            ##.....      6%          1    ##.....

Your spell library contained the following spells:

 Spells                   Type           Power        Failure   Level  Hunger
 Slow                     Hex            ##......     10%         2    ###....
 Inner Flame              Hex/Fire       #.......     36%         3    ####...
 Portal Projectile        Hex/Tloc       #.....       36%         3    ####...
 Cause Fear               Hex            ##........   54%         4    #####..
 Leda's Liquefaction      Hex/Erth       #.........   77%         4    #####..


Dungeon Overview and Level Annotations

Branches:
Dungeon (1/15)

Altars:


Innate Abilities, Weirdness & Mutations

You are partially covered in thin metallic scales. (AC +2)
You sometimes gain a little power by taking damage.


Message History

The ooze is heavily wounded.
The ooze barely misses you. The ooze misses you.
You hit the ooze.
The ooze is heavily wounded.
The ooze hits you.
You hit the ooze.
The ooze is almost dead.
The ooze hits you.
You hit the ooze.
The ooze is almost dead.
The ooze hits you.
You hit the ooze.
You kill the ooze!
Your Dodging skill increases to level 2!
You have reached level 3!
Your experience leads to an increase in your attributes!
Increase (S)trength, (I)ntelligence, or (D)exterity?
You feel clever.
Your demonic ancestry asserts itself...
Thin metallic scales grow over part of your body.
Are you sure you want to abandon this character and quit the game? (Confirm with "yes".)

.. +... #.....# .#
### .... #.....# ....
#.....####. .....
###..!.......
.....####......#####.
..............#
#...........##
#............#
#........@...#
##.....###...#
#.....# #...# #.....#
...# #.....# ...#
#.....# ...# #.....#
#### #.....# #######


There were no monsters in sight!

Vanquished Creatures
  An ooze (D:1)
  2 dart slugs (D:1)
  A giant cockroach (D:1)
  3 goblins (D:1)
  3 hobgoblins (D:1)
  5 kobolds (D:1)
  3 bats (D:1)
  3 frilled lizards (D:1)
21 creatures vanquished.

Notes
Turn   | Place    | Note
-------+----------+-------------------------------------------
     0 | D:1      | Iscandelvey the Demonspawn Arcane Marksman began the quest
                  | for the Orb.
     0 | D:1      | Reached XP level 1. HP: 15/15 MP: 2/2
    59 | D:1      | Gained mutation: You sometimes gain a little power by
                  | taking damage. [demonic ancestry]
    59 | D:1      | Reached XP level 2. HP: 1/21 MP: 3/3
   845 | D:1      | Gained mutation: You are partially covered in thin metallic
                  | scales. (AC +2) [demonic ancestry]
   845 | D:1      | Reached XP level 3. HP: 19/26 MP: 4/4
   846 | D:1      | Quit the game

Skill      XL: |  1  2 |
---------------+-------+-----
Crossbows      | 2 |  2.5
Dodging        | 2 |  2.1
Fighting       | |  1.3
Stealth        | |  0.2
Spellcasting   | |  1.0
Hexes          | |  3.3

Action                   || total
-------------------------++-------
Melee: Short sword       ||    77
 Fire: Hand crossbow     ||    20
 Cast: Corona            ||     1
Armor: Robe              ||    29
Dodge: Dodged            ||    95
